 Dungeon Crawl Stone Soup version 0.19.5 (webtiles) character file.

18466 snowfan the Destroyer (level 12, -7/59 HPs)
             Began as a Deep Elf Conjurer on Apr 4, 2017.
             Was a High Priest of Vehumet.
             Mangled by a vault guard
             ... wielding a +0 bardiche
              (27 damage)
             ... on level 13 of the Dungeon on Apr 7, 2017.
             The game lasted 02:07:43 (16910 turns).

snowfan the Destroyer (Deep Elf Conjurer)          Turns: 16910, Time: 02:07:44

Health: -7/59      AC: 12    Str:  5    XL:     12   Next: 28%
Magic:  7/37       EV: 19    Int: 34    God:    Vehumet [*****.]
Gold:   1023       SH:  0    Dex: 15    Spells: 7 memorised, 16 levels left

rFire  . . .     SeeInvis .     U - staff of conjuration
rCold  . . .     Gourm    .     W - +1 robe {rN+}
rNeg   + . .     Faith    .     (no shield)
rPois  .         Spirit   .     S - +3 hat of Pondering {ponderous, MR+ MP+10 Int+5}
rElec  .         Reflect  .     R - +1 cloak {+Inv}
rCorr  .         Harm     .     (no gloves)
MR     ++...                    A - +0 pair of boots
Stlth  ++........               (no amulet)
                                H - +3 ring of intelligence
                                n - ring of wizardry

@: repel missiles, slow
A: talons 1, slimy green scales 2, low mp 1, evolution 1, no device heal 1,
MP-powered wands
a: Renounce Religion, Evoke Invisibility


You were on level 13 of the Dungeon.
You worshipped Vehumet.
Vehumet was extremely pleased with you.
You were not hungry.

You visited 3 branches of the dungeon, and saw 16 of its levels.
You also visited: Bailey.

You collected 1218 gold pieces.
You spent 195 gold pieces at shops.

Inventory:

Armour
 A - a +0 pair of boots (worn)
 R - a +1 cloak of invisibility (worn)
 S - the +3 hat of Pondering (worn) {ponderous, MR+ MP+10 Int+5}
   (You took it off Gastronok on level 8 of the Dungeon)

   It affects your intelligence (+5).
   It affects your resistance to hostile enchantments.
   It affects your magic capacity (+10).
 W - a +1 robe of positive energy (worn)
Magical Staves
 U - an uncursed staff of conjuration (weapon)
Jewellery
 n - a ring of wizardry (left hand)
 H - a +3 ring of intelligence (right hand)
 P - an uncursed ring of protection from magic
 X - an uncursed ring of protection from fire
Wands
 f - a wand of teleportation (5/9)
 v - a wand of lightning (8/15)
Scrolls
 a - 2 scrolls of identify
 e - 5 scrolls of remove curse
 k - a scroll of torment {unknown}
 l - 2 scrolls of enchant armour {unknown}
 p - 7 scrolls of teleportation
 q - 5 scrolls of blinking {unknown}
 E - 2 scrolls of amnesia {unknown}
 G - a scroll of noise {unknown}
 J - a scroll of summoning {unknown}
 K - 3 scrolls of enchant weapon {unknown}
 Q - 6 scrolls of random uselessness {unknown}
 T - 2 scrolls of fear {unknown}
 Y - a scroll of acquirement {unknown}
Potions
 g - 2 potions of berserk rage {unknown}
 i - a potion of brilliance {unknown}
 j - 4 potions of curing
 o - a potion of degeneration {unknown}
 r - a potion of magic {unknown}
 s - 3 potions of haste {unknown}
 t - 4 potions of might {unknown}
 u - a potion of cancellation {unknown}
 x - a potion of resistance {unknown}
 z - 2 potions of heal wounds {unknown}
 B - a potion of mutation {unknown}
 L - a potion of invisibility {unknown}
 M - a potion of lignification {unknown}
 V - a potion of agility
Books
 b - a book of Conjurations

   Spells                             Type                      Level
   a - Magic Dart                     Conjuration                  1
   b - Searing Ray                    Conjuration                  2
   c - Dazzling Spray                 Conjuration/Hexes            3
   d - Fulminant Prism                Conjuration/Hexes            4
   e - Iskenderun's Mystic Blast      Conjuration                  4
   f - Iskenderun's Battlesphere      Conjuration/Charms           5
 m - a book of Flames

   Spells                             Type                      Level
   a - Flame Tongue                   Conjuration/Fire             1
   b - Throw Flame                    Conjuration/Fire             2
   c - Conjure Flame                  Conjuration/Fire             3
   d - Inner Flame                    Hexes/Fire                   3
   e - Sticky Flame                   Conjuration/Fire             4
   f - Fireball                       Conjuration/Fire             5
Miscellaneous
 y - a disc of storms
Comestibles
 c - 6 bread rations
 d - 10 meat rations
 h - 7 beef jerkies
 w - 9 fruits
 C - 9 royal jellies
 D - 4 chunks of flesh
 F - 5 slices of pizza


   Skills:
 + Level 10.4 Dodging
 - Level 2.4 Stealth
 + Level 12.2 Spellcasting
 * Level 13.0 Conjurations
 + Level 12.2 Charms
 * Level 7.6 Evocations


You had 16 spell levels left.
You knew the following spells:

 Your Spells              Type           Power        Failure   Level  Hunger
a - Magic Dart            Conj           ####         0%          1    None
b - Iskenderun's Mystic   Conj           ########     1%          4    None
c - Swiftness             Chrm/Air       ######..     1%          2    None
d - Dazzling Spray        Conj/Hex       ######       1%          3    None
e - Iskenderun's Battles  Conj/Chrm      ########     1%          5    None
r - Repel Missiles        Chrm/Air       ######       1%          2    None
s - Searing Ray           Conj           ######       0%          2    None


Dungeon Overview and Level Annotations

Branches:
Dungeon (13/15)            Temple (1/1) D:4            Lair (0/6) D:11
    Orc (2/2) D:11
    Elf: Orc:2       Vaults: D:13-14

Altars:
Ashenzari
Cheibriados
Dithmenos
Elyvilon
Fedhas
Gozag
Hepliaklqana
Kikubaaqudgha
Makhleb
Nemelex Xobeh
Okawaru
Qazlal
Ru
Sif Muna
Trog
Uskayaw
Vehumet
Xom
Yredelemnul
Zin
The Shining One

Shops:
D:8 *

Annotations:
D:6 exclusion: downstairs
D:8 4 runed doors
D:10 2 runed doors, exclusion: door


Innate Abilities, Weirdness & Mutations

You have sharp toenails.
You are mostly covered in slimy green scales. (AC +3)
Your magical capacity is low. (-10% MP)
You evolve.
Potions and wands are less effective at restoring your health.
You expend magic power (3 MP) to strengthen your wands.


Message History

The vault guard is heavily wounded.
The orb of energy explodes!
You feel sick.
You are no longer poisoned.
You hear a shout!
Your battlesphere fires!
The barrage of energy hits the vault guard.
The vault guard is severely wounded.
The vault guard hits you with an enchanted great mace!!
A vault guard comes into view. It is wielding a battleaxe.
Casting: Iskenderun's Mystic Blast
Confirm with . or Enter, or press ? or * to list all spells.
You don't know that spell.
A vault guard comes into view. It is wielding a bardiche.
The vault guard hits you with a broad axe!
The vault guard misses you.
A vault guard comes into view. It is wielding an enchanted great mace.
There is an open door, spattered with blood here.
You see here a giant spiked club.
The vault guard hits you from afar with a bardiche!!
You die...

+..#.##..# ...
#..#.....# ...
#..'.....#
#.#####..#.....#
#.#......#.....# #
#.#......#.#...+
#.###.#..#####.#...#
#.#.....#..#####.#...#
..p....@#.^..*.#.#...#
#.#..p.p#......#.#...#
######)p*##..#
##.p##..# #..##..#
#..##### ...# #...#
##..#


You could see 3 vault guards.

Vanquished Creatures
  Gastronok (D:8)
  The ghost of Haldmier the Blocker, a journeyman HESk of Ashenzari (D:10)
  A vault guard (D:13)
  An unseen horror (D:12)
  A hill giant (D:13)
  An ugly thing (D:13)
  2 cyclopes (D:12)
  Maurice (D:8)
  An elephant (D:11)
  Joseph (D:7)
  A troll (D:9)
  2 two-headed ogres
  5 hornets
  2 hippogriffs
  5 yaks (D:10)
  A wraith (D:10)
  A hungry ghost (D:12)
  A mottled dragon (D:12)
  Edmund (D:5)
  Menkaure (D:5)
  A warg (Orc:1)
  3 sky beasts
  20 orc warriors
  2 ice beasts
  A phantom (D:8)
  2 black bears
  A necrophage (D:7)
  4 ogres
  12 centaurs
  3 crocodiles
  2 big kobolds
  Blork the orc (D:5)
  7 bullfrogs
  A wyvern zombie (D:13)
  A wyvern skeleton (D:10)
  5 scorpions
  10 killer bees
  15 wights
  3 howler monkeys (D:10)
  5 electric eels (D:11)
  4 crimson imps
  A quasit (D:10)
  4 bullfrog zombies
  A bullfrog skeleton (D:9)
  2 jellies
  3 centaur skeletons
  5 hounds
  9 orc priests
  An iguana (D:8)
  Ijyb (D:2)
  18 orc wizards
  10 worker ants
  2 hound zombies
  A hound skeleton (D:4)
  6 gnolls
  4 adders
  A shadow imp (D:11)
  An ooze (D:2)
  6 worms
  7 leopard geckos
  74 orcs
  2 ball pythons
  5 giant cockroaches
  17 goblins
  5 hobgoblins
  9 jackals
  7 quokkas
  6 bats
  4 frilled lizards
  11 kobolds
  2 quokka skeletons
  6 rats
365 creatures vanquished.

Notes
Turn   | Place    | Note
-------+----------+-------------------------------------------
     0 | D:1      | snowfan the Deep Elf Conjurer began the quest for the Orb.
     0 | D:1      | Reached XP level 1. HP: 10/10 MP: 6/6
   252 | D:1      | You fall through a shaft!
   503 | D:2      | Reached XP level 2. HP: 15/15 MP: 3/8
  1252 | D:3      | Reached XP level 3. HP: 19/19 MP: 6/10
  1540 | D:4      | Noticed a big kobold
  1619 | D:4      | Noticed a scorpion
  1634 | D:4      | Found an opulent altar of Gozag.
  1635 | D:4      | Found an iron altar of Okawaru.
  1865 | D:4      | Noticed a bullfrog
  1873 | D:4      | Killed a bullfrog
  1873 | D:4      | Reached skill level 5 in Spellcasting
  1873 | D:4      | Reached skill level 5 in Conjurations
  1873 | D:4      | Reached XP level 4. HP: 2/24 MP: 5/13
  2217 | D:3      | Reached XP level 5. HP: 28/28 MP: 11/14
  2355 | D:2      | Noticed Ijyb
  2368 | D:2      | Killed Ijyb
  2790 | D:5      | Entered Level 5 of the Dungeon
  2811 | D:5      | Noticed Edmund
  2919 | D:5      | Learned a level 4 spell: Iskenderun's Mystic Blast
  2923 | D:5      | Learned a level 3 spell: Dazzling Spray
  2926 | D:5      | Learned a level 2 spell: Searing Ray
  2937 | D:5      | Killed Edmund
  2937 | D:5      | Reached XP level 6. HP: 8/32 MP: 1/17
  3120 | D:5      | Noticed Menkaure
  3895 | D:4      | Reached skill level 5 in Dodging
  3895 | D:4      | Reached skill level 6 in Conjurations
  3895 | D:4      | Reached XP level 7. HP: 36/36 MP: 8/20
  4214 | D:4      | Found a staircase to the Ecumenical Temple.
  4223 | Temple   | Entered the Ecumenical Temple
  4448 | Temple   | Became a worshipper of Vehumet
  5786 | D:2      | Found a shadowy altar of Dithmenos.
  5941 | D:2      | Found a bloodstained altar of Trog.
  6175 | D:3      | Reached * piety under Vehumet
  6175 | D:3      | Offered knowledge of Freeze by Vehumet.
  6461 | D:3      | Learned a level 2 spell: Repel Missiles
  6475 | D:3      | Learned a level 2 spell: Swiftness
  6919 | D:5      | Killed Menkaure
  6919 | D:5      | Reached skill level 1 in Charms
  7206 | D:5      | Noticed Blork the orc
  7394 | D:6      | Found an ancient bone altar of Kikubaaqudgha.
  7558 | D:5      | Found a stormy altar of Qazlal.
  7679 | D:6      | Found a sacrificial altar of Ru.
  7689 | D:6      | Reached XP level 8. HP: 41/41 MP: 18/22
  7708 | D:6      | Reached skill level 7 in Conjurations
  8708 | D:5      | Killed Blork the orc
  8985 | D:4      | You fall through a shaft!
  9274 | D:6      | Reached skill level 5 in Charms
  9447 | D:6      | Learned a level 5 spell: Iskenderun's Battlesphere
  9700 | D:6      | Reached skill level 8 in Conjurations
  9845 | D:7      | Reached ** piety under Vehumet
  9845 | D:7      | Offered knowledge of Throw Frost by Vehumet.
  9845 | D:7      | Reached XP level 9. HP: 45/45 MP: 18/24
 10101 | D:7      | Noticed Joseph
 10108 | D:7      | Killed Joseph
 10247 | D:7      | Reached skill level 9 in Conjurations
 10381 | D:7      | Gained mutation: You are partially covered in slimy green scales. (AC +2) [mutagenic meat]
 10382 | D:7      | Gained mutation: You expend magic power (3 MP) to strengthen your wands. [mutagenic meat]
 10383 | D:7      | Gained mutation: Your mind is acute. (Int +2) [mutagenic meat]
 10572 | D:7      | Found a basalt altar of Yredelemnul.
 10649 | D:7      | Reached skill level 10 in Spellcasting
 10928 | D:7      | Offered knowledge of Stone Arrow by Vehumet.
 11090 | D:8      | Found a huge runed gate.
 11090 | D:8      | Found a huge runed gate.
 11090 | D:8      | Found a huge runed gate.
 11090 | D:8      | Found a huge runed gate.
 11090 | D:8      | Noticed a polar bear
 11091 | D:8      | Noticed a polar bear
 11092 | D:8      | Noticed a manticore
 11093 | D:8      | Noticed a death yak
 11129 | D:8      | Found a hazy altar of Hepliaklqana.
 11231 | D:8      | Noticed Gastronok
 11325 | D:8      | Noticed Maurice
 11549 | D:8      | Killed Gastronok
 11549 | D:8      | Reached skill level 10 in Conjurations
 11549 | D:8      | Reached skill level 10 in Charms
 11549 | D:8      | Reached XP level 10. HP: 50/50 MP: 4/26
 11756 | D:8      | Found Doceogg's General Store.
 11776 | D:8      | Killed Maurice
 11812 | D:8      | Reached *** piety under Vehumet
 11942 | D:8      | Bought a scroll of remove curse for 45 gold pieces
 11942 | D:8      | Bought a potion of agility for 60 gold pieces
 11942 | D:8      | Bought a scroll of remove curse for 45 gold pieces
 11942 | D:8      | Bought a scroll of teleportation for 45 gold pieces
 12031 | D:9      | Found a glowing silver altar of Zin.
 12105 | D:9      | Found a flagged portal.
 12122 | Bailey   | Entered a bailey
 12127 | Bailey   | Reached skill level 1 in Evocations
 12147 | Bailey   | Offered knowledge of Force Lance by Vehumet.
 12597 | Bailey   | Reached skill level 11 in Conjurations
 12987 | D:9      | Found a shattered altar of Ashenzari.
 13060 | D:10     | Entered Level 10 of the Dungeon
 13074 | D:10     | Reached **** piety under Vehumet
 13215 | D:10     | Reached XP level 11. HP: 54/54 MP: 28/28
 13316 | D:10     | Offered knowledge of Ignite Poison by Vehumet.
 13327 | D:10     | Noticed Haldmier's ghost (journeyman HESk)
 13368 | D:10     | Killed Haldmier's ghost
 14202 | D:9      | Gained mutation: You are mostly covered in slimy green scales. (AC +3) [mutagenic meat]
 14313 | D:10     | Reached skill level 5 in Evocations
 14326 | D:10     | Gained mutation: Your magical capacity is low. (-10% MP) [mutagenic meat]
 14327 | D:10     | Gained mutation: You have sharp toenails. [mutagenic meat]
 14463 | D:10     | Reached skill level 12 in Conjurations
 14498 | D:10     | Reached ***** piety under Vehumet
 14517 | D:10     | Offered knowledge of Freezing Cloud by Vehumet.
 14746 | D:10     | Found a large runed door.
 14748 | D:10     | Found a large runed door.
 14789 | D:10     | Noticed a centaur warrior
 15370 | D:11     | Found a staircase to the Orcish Mines.
 15382 | Orc:1    | Entered Level 1 of the Orcish Mines
 15613 | Orc:2    | Entered Level 2 of the Orcish Mines
 15693 | D:11     | Found a staircase to the Lair.
 15800 | D:11     | Found a deep blue altar of Sif Muna.
 16217 | D:12     | Reached skill level 10 in Dodging
 16357 | D:12     | Killed an unseen horror
 16357 | D:12     | Reached XP level 12. HP: 47/59 MP: 27/27
 16643 | D:12     | Gained mutation: You evolve. [mutagenic meat]
 16644 | D:12     | Lost mutation: Your mind is acute. (Int +2) [mutagenic meat]
 16645 | D:12     | Gained mutation: Your body sometimes deteriorates upon taking damage. [mutagenic meat]
 16646 | D:12     | Gained mutation: Potions and wands are less effective at restoring your health. [mutagenic meat]
 16837 | D:13     | Lost mutation: Your body sometimes deteriorates upon taking damage. [mutagenic meat]
 16901 | D:13     | Noticed a vault guard
 16902 | D:13     | Noticed a vault guard
 16904 | D:13     | Noticed a vault guard
 16904 | D:13     | Killed a vault guard
 16904 | D:13     | Reached skill level 13 in Conjurations
 16907 | D:13     | Noticed a vault guard
 16907 | D:13     | Noticed a vault guard
 16909 | D:13     | Noticed a vault guard
 16910 | D:13     | Mangled by a vault guard

Skill      XL: |  1  2  3  4  5  6  7  8  9 10 11 12 |
---------------+-------------------------------------+-----
Spellcasting   | 4 5 6 7 8 9 10 11 12 | 12.2
Dodging        | 3 4 5 6 8 10 | 10.4
Conjurations   | 5 6 8 10 11 12 13 | 13.0
Charms         | 2 6 10 11 12 | 12.2
Evocations     | 3 6 7 |  7.6
Stealth        | |  2.4

Action                   |  1- 3 |  4- 6 |  7- 9 | 10-12 || total
-------------------------+-------+-------+-------+-------++-------
Melee: Dagger            |     6 |    19 |    62 |       ||    87
       Unarmed           |     1 |       |       |       ||     1
       Staff             |       |       |     8 |    11 ||    19
 Cast: Magic Dart        |    61 |    71 |   197 |   189 ||   518
       Searing Ray       |       |    23 |    72 |    23 ||   118
       Dazzling Spray    |       |     2 |       |       ||     2
       Iskenderun's Myst |       |     1 |    33 |   141 ||   175
       Swiftness         |       |       |     6 |     4 ||    10
       Repel Missiles    |       |       |     1 |     2 ||     3
       Iskenderun's Batt |       |       |    20 |    43 ||    63
  Use: Scroll            |       |       |     7 |     1 ||     8
       Potion            |       |       |     2 |       ||     2
 Stab: Sleeping          |     5 |     3 |     6 |       ||    14
  Eat: Chunk             |     2 |     7 |    30 |    27 ||    66
Armor: Robe              |    11 |     7 |    28 |    21 ||    67
Dodge: Dodged            |    32 |    23 |   110 |   102 ||   267
       Deflected         |       |       |     5 |     8 ||    13
